 Dungeon Crawl Stone Soup version 0.25.0-37-gb73750e0fb (webtiles) character file.

Game seed: 4110285517228411455

50 Peloso the Skirmisher (level 3, -1/31 HPs)
             Began as a Ghoul Fighter on July 9, 2020.
             Slain by a gnoll
             ... wielding a +0 spear
              (5 damage)
             ... on level 2 of the Dungeon.
             The game lasted 00:02:04 (1689 turns).

Peloso the Skirmisher (Ghoul Fighter)               Turns: 1689, Time: 00:02:05

Health: -1/31      AC:  6    Str: 16 (19) XL:     3   Next: 79%
Magic:  2/2        EV:  6    Int:  1 (3)  God:
Gold:   65         SH:  8    Dex:  8 (9)  Spells: 2/2 levels left

rFire    . . .     SeeInvis .   a - +0 long sword
rCold    + . .     Gourm    .   c - +0 kite shield
rNeg     + + +     Faith    .   b - +0 scale mail
rPois    ∞         Spirit   .   (no helmet)
rElec    .         Reflect  .   (no cloak)
rCorr    .         Harm     .   (no gloves)
MR       .....                  (no boots)
Stlth    ..........             (no amulet)
HPRegen  0.00/turn              (no ring)
MPRegen  0.08/turn              (no ring)

@: rotting, slowed, lost intelligence, very slow
A: rotting body, claws 1, carnivore, cold resistance 1, negative energy
resistance 3, inhibited regeneration, torment resistance, unbreathing
a: no special abilities


You were on level 2 of the Dungeon.
You were hungry.

You visited 1 branch of the dungeon, and saw 2 of its levels.

You collected 65 gold pieces.

Inventory:

Hand Weapons
 a - a +0 long sword (weapon)
Armour
 b - a +0 scale mail (worn)
 c - a +0 kite shield (worn)
Scrolls
 g - 4 scrolls of teleportation {unknown}
 i - a scroll of identify {unknown}
Potions
 d - a potion of might
Comestibles
 f - 4 rations


   Skills:
 + Level 3.6 Fighting
 + Level 2.3 Long Blades
 + Level 3.4 Armour
 + Level 2.9 Shields


You had 2 spell levels left.
You didn't know any spells.
Your spell library was empty.

Dungeon Overview and Level Annotations

Branches:
Dungeon (2/15)

Altars:


Innate Abilities, Weirdness & Mutations

Your body is rotting away.
You thrive on raw meat.
You are immune to poison.
You have sharp fingernails.
You are carnivorous and can eat meat at any time.
Your flesh is cold resistant. (rC+)
You are immune to negative energy. (rN+++)
You do not regenerate when monsters are visible.
You are immune to unholy pain and torment.
You can survive without breathing.


Message History

Unknown command.
You closely miss the gnoll.
The gnoll is almost dead.
You block the gnoll's attack. x2
Unknown command.
You slash the gnoll!
You kill the gnoll!
You feel your intelligence returning. The gnoll hits you with a +0 spear.
* * * LOW HITPOINT WARNING * * *
Unknown command.
You block the gnoll's attack. The gnoll closely misses you.
You block the gnoll's attack.
There is a stone staircase leading up here.
The gnoll hits you from afar with a +0 spear.
* * * LOW HITPOINT WARNING * * *
You block the gnoll's attack. The gnoll hits you but does no damage.
The gnoll hits you from afar with a +0 spear.
You die...

##.[.###.#
..###.g.##.#. #
........g#.# # .#
.#.####..g## ..
#.##.## .#
...###)#.###(.
#.#####.gg.......
#.(....#.######..
###.###@## ###


You could see 2 gnolls.

Vanquished Creatures
  2 gnolls
  An ooze (D:1)
  A dart slug (D:1)
  2 giant cockroaches
  2 hobgoblins (D:1)
  2 jackals (D:1)
  4 kobolds (D:1)
  A ball python (D:1)
  A ball python zombie (D:1)
  2 bats (D:1)
  A frilled lizard (D:1)
  A giant cockroach zombie (D:1)
  3 goblins (D:1)
  5 rats (D:1)
28 creatures vanquished.

Notes
Turn   | Place    | Note
-------+----------+-------------------------------------------
     0 | D:1      | Peloso the Ghoul Fighter began the quest for the Orb.
     0 | D:1      | Reached XP level 1. HP: 19/19 MP: 0/0
   243 | D:1      | Reached XP level 2. HP: 21/26 MP: 1/1
   838 | D:1      | Reached XP level 3. HP: 26/31 MP: 2/2
  1445 | D:1      | Lost intelligence.
  1689 | D:2      | Slain by a gnoll

Illustrated notes

Levels and vault maps discovered:
D:1:      saegor_arrival_fortress, layout_basic, serial_bayou_pond_b,
          minmay_tiny_reverse_x
D:2:      layout_loops_ring

Skill      XL: |  1  2 |
---------------+-------+-----
Armour         | 3 |  3.4
Long Blades    | 2 |  2.3
Fighting       | |  3.6
Shields        | |  2.9

Action                   || total
-------------------------++-------
Melee: Long sword        ||    99
  Use: Potion            ||     3
  Eat: Chunk             ||     2
Armor: Scale mail        ||    43
Dodge: Dodged            ||    38
Block: Kite shield       ||    67
       Rpst.: Long sword ||    16
